 Dungeon Crawl Stone Soup version 0.30-a0-782-ge64f9170bb (webtiles) character file.

Game seed: 13149583002983673271

13953 Ijustatesigmund the Prestidigitator (level 12, -11/77 HPs)
             Began as a Gargoyle Fighter on Feb 20, 2023.
             Was a Believer of Ashenzari.
             Killed from afar by a fire giant (46 damage)
             ... with a fireball
             ... on level 11 of the Dungeon.
             The game lasted 00:28:19 (15008 turns).

Ijustatesigmund the Prestidigitator (GrFi)         Turns: 15008, Time: 00:28:20

Health: -11/77     AC: 28    Str: 22    XL:     12   Next: 11%
Magic:  12/12      EV:  8    Int: 10    God:    Ashenzari [**....]
Gold:   138        SH:  5    Dex: 11    Spells: 10/11 levels left

rFire   . . .      SeeInvis +    F - +4 morningstar "Restrained With Me" {elec, Drain rC+ rN++ Stlth+, Cun, Evo} (curse)
rCold   + . .      Faith    .    c - +1 buckler
rNeg    + + +      Spirit   .    b - +0 chain mail
rPois   ∞          Reflect  .    o - +0 helmet
rElec   +          Harm     .    M - +2 cloak {rCorr}
rCorr   +          Rampage  .    k - +1 pair of gloves {infuse}
Will    .....                    x - +0 pair of boots of Supernal Wisdom {Bglg, Comp} (curse) Stlth
                                 z - amulet of magic regeneration
HPRegen 0.32/turn                u - ring of Star-Bound Wisdom {Fly, Alch, Bglg} (curse)
MPRegen 0.53/turn                (no ring)

@: about to teleport, flying, studying Evocations
A: sickness immunity, AC +8, negative energy resistance 1, electricity
resistance, torment resistance 1, petrification resistance
a: Renounce Religion, Shatter the Chains


You were on level 11 of the Dungeon.
You worshipped Ashenzari.
Ashenzari was pleased with you.
You visited 2 branches of the dungeon, and saw 12 of its levels.
You also visited: Sewer.

You collected 676 gold pieces.
You spent 538 gold pieces at shops.

Inventory:

Hand Weapons
 a - a +2 flail of protection
 l - the +4 whip of the Exiled Geomancers {freeze, rCorr}
   (You found it on level 2 of the Dungeon)

   rCorr:     It protects you from acid and corrosion.
 F - the cursed +4 morningstar "Restrained With Me" (weapon) {elec, Drain rC+ rN++ Stlth+, Cun, Evo}
   (You found it on level 8 of the Dungeon)

   rC:        It protects you from cold.
   rN:        It greatly protects you from negative energy.
   Drain:     It drains your maximum health when unequipped.
   Stlth:     It makes you more stealthy.
   It has a curse which improves the following skills: Cunning: Dodging and
   Stealth.
   Evocations: Evocations.
Missiles
 N - 2 throwing nets (quivered)
Armour
 b - a +0 chain mail (worn)
 c - a +1 buckler (worn)
 k - a +1 pair of gloves of infusion (worn)
 o - a +0 helmet (worn)
 x - the cursed +0 pair of boots of Supernal Wisdom (worn) {Bglg, Comp}
   (You found it on level 6 of the Dungeon)

   It has a curse which improves the following skills: Beguiling: Conjurations,
   Hexes and Translocations.
   Companions: Summonings and Necromancy.
 M - a +2 cloak of preservation (worn)
Magical Staves
 j - a staff of poison
Jewellery
 i - a ring of ice
 u - the cursed ring of Star-Bound Wisdom (left hand) {Fly, Alch, Bglg}
   (You found it on level 10 of the Dungeon)

   [ring of flight]

   Fly:       It grants you flight.
   It has a curse which improves the following skills: Alchemy: Poison Magic and
   Transmutations.
   Beguiling: Conjurations, Hexes and Translocations.
 z - an amulet of magic regeneration (around neck)
 P - a ring of protection from cold
Wands
 w - a wand of flame (15)
 B - a wand of mindburst (4)
 G - a wand of digging (7)
 I - a wand of polymorph (9)
 J - a wand of charming (2)
Scrolls
 d - 8 scrolls of identify
 e - a scroll of blinking
 q - 3 scrolls of fog
 r - 3 scrolls of teleportation
 t - 5 scrolls of fear
 v - a scroll of silence
 y - a scroll of poison
 C - 2 scrolls of enchant armour
 E - a scroll of torment
 H - a scroll of noise
 K - a scroll of immolation
 L - a scroll of amnesia
Potions
 f - 7 potions of flight
 g - 2 potions of mutation
 h - 3 potions of attraction
 m - 4 potions of cancellation
 n - 4 potions of brilliance
 p - a potion of curing
 s - a potion of might
 A - a potion of resistance
 D - a potion of haste
 O - a potion of heal wounds


   Skills:
 - Level 10.0 Fighting
 - Level 11.0 Maces & Flails
 - Level 9.3 Armour
 - Level 4.3 Shields
 + Level 4.4(6.2) Conjurations
 + Level 11.5(12.7) Evocations


You had 10 spell levels left.
You knew the following spells:

 Your Spells              Type           Power      Damage    Failure   Level
a - Magic Dart            Conj           48%        1d5       24%         1

Your spell library contained the following spells:

 Spells                   Type           Power      Damage    Failure   Level
 Searing Ray              Conj           24%        2d5       36%         2
 Ensorcelled Hibernation  Hex/Ice        0%         N/A       99%         2
 Passwall                 Tmut/Erth      0%         N/A       99%         2
 Inner Flame              Hex/Fire       0%         N/A       100%        3
 Summon Guardian Golem    Hex/Summ       0%         N/A       100%        3
 Swiftness                Air            0%         N/A       100%        3
 Flame Wave               Conj/Fire      6%         2d5       100%        4
 Fulminant Prism          Conj/Hex       3%         3d5       100%        4
 Sticky Flame             Conj/Fire      6%         2d3       100%        4
 Fireball                 Conj/Fire      3%         3d4       100%        5
 Orb of Destruction       Conj           6%         9d6       100%        7
 Spellforged Servitor     Conj/Summ      3%         N/A       100%        7


Dungeon Overview and Level Annotations

Branches:
Dungeon (11/15)            Temple (1/1) D:4            Lair (0/5) D:11
    Orc (0/2) D:10          Sewer (visited)

Altars:
Ashenzari
Cheibriados
Dithmenos
Elyvilon
Fedhas
Gozag
Hepliaklqana
Kikubaaqudgha
Makhleb
Nemelex Xobeh
Okawaru
Qazlal
Ru
Sif Muna
Trog
Uskayaw
Vehumet
Wu Jian
Xom
Yredelemnul
Zin
The Shining One

Shops:
D:6 *   D:7 (*   D:10 [   D:11 *

Annotations:
D:4 2 transporters
D:9 3 runed translucent doors, BRD's ghost, novice DsFi


Innate Abilities, Weirdness & Mutations

You are immune to sickness and miasma.
Your stone body is resilient. (AC +8)
You are immune to poison.
You resist negative energy. (rN+)
You are resistant to electric shocks. (rElec)
You are resistant to unholy torment.
You are immune to petrification.


Message History

The howler monkey attacks as you move away!
The howler monkey hits you but does no damage.
Aiming: Charm
Press: ? - help, Shift-Dir - straight line, f - tengu warrior
Aim: a tengu warrior, wielding a +3 battleaxe and wearing a +0 ring mail (heavily wounded, chance to affect: 59%)
The tengu warrior is charmed.
You hear a shout!
The howler monkey closely misses your tengu warrior.
Something barely misses your tengu warrior.
What are your orders? t - Shout!
Orders for allies: a - Attack new target. p - Attack previous target. r - Retreat! s - Stop attacking. g - Guard the area. f - Follow me.
Anything else - Cancel.
Gang up on whom?
Press: ? - help, Dir - move target, f - howler monkey, p - tengu warrior
Aim: a howler monkey Attack!
The howler monkey hoots and howls with incredible vigour!
Your tengu warrior hits the howler monkey with a +3 battleaxe!
Your tengu warrior hits something with a +3 battleaxe!
Your tengu warrior pecks the howler monkey.
Your tengu warrior barely misses the howler monkey.
Something misses your tengu warrior.
The howler monkey barely misses your tengu warrior.
Your tengu warrior hits the howler monkey with a +3 battleaxe.
The howler monkey dies!
Your tengu warrior hits something with a +3 battleaxe.
The bolt of fire hits your tengu warrior!!
Your tengu warrior dies!
A bolt of fire appears from out of your range of vision.
A fire giant comes into view.
It is wielding a +1 great sword of flaming.
As you read the scroll of teleportation, it crumbles to dust.
You feel strangely unstable.
The fire giant shouts!
The fire giant points at you and mumbles some strange words.
The fireball explodes!
The fireball engulfs you!!!
Ouch! That really hurt!
You die...

#............#{,
**####.### ##
#.....†#######
,,,.}#.# #......######
* ########
#......†....#
#)....###
#...........# ##
######...
#...........# *.# *
#..†### #...........#
###.# ####.†#
######......######.#{#
#.###
#.........@.C#)#{
###.##
#......#######.#,
#..... #......# ###,
#..... #......# *,*
#..... #......# *
#..... #......# #....#
#......# #..###
#......# #..#P≈
#......# #.....


You could see a fire giant.

Vanquished Creatures
  A sphinx (D:11)
  An ice dragon (D:11)
  A two-headed ogre (D:10)
  Sonja (D:10)
  An ugly thing (D:11)
  A manticore (D:11)
  An unseen horror (D:10)
  2 kobold demonologists
  3 trolls
  A meliai (D:11)
  Prince Ribbit (D:6)
  2 wraiths
  Sigmund (D:4)
  A shadow (D:10)
  2 wyverns
  10 yaks
  A basilisk (D:11)
  A steam dragon (D:9)
  2 vampire mosquitoes (D:11)
  An acid dragon (D:11)
  2 water moccasins (D:6)
  2 ice beasts
  2 black bears
  4 orc warriors
  A sky beast (D:6)
  2 ogres
  2 centaurs
  2 phantoms (D:10)
  2 gnoll sergeants
  3 kobold brigands
  4 scorpions
  3 bullfrogs
  5 necrophages
  5 wights
  11 killer bees (D:9)
  7 howler monkeys
  4 hounds
  5 jellies
  A gnoll bouda (D:8)
  9 orc priests
  Crazy Yiuf (D:6)
  12 orc wizards
  7 iguanas
  6 ogre zombies (D:10)
  5 gnolls (D:10)
  15 adders
  3 river rats (Sewer)
  A shadow imp (D:6)
  2 white imps
  An ufetubus (D:5)
  9 worms
  A dart slug (D:1)
  35 orcs
  11 bats
  13 endoplasms
  9 giant cockroaches
  3 goblins
  5 hobgoblins
  15 jackals
  2 quokkas
  9 ball pythons
  2 frilled lizards
  2 goblin skeletons (D:10)
  A goblin zombie (D:10)
  A hobgoblin skeleton (D:10)
  A hobgoblin zombie (D:10)
  15 kobolds
  2 orc skeletons (D:10)
  12 orc zombies (D:10)
  10 rats
  A bush (D:9)
323 creatures vanquished.

Vanquished Creatures (collateral kills)
  A howler monkey (D:11)
  An orc (D:10)
2 creatures vanquished.

Vanquished Creatures (others)
  A tengu warrior (D:11)
  2 orcs
  3 fungi (D:2)
  3 plants (D:2)
9 creatures vanquished.

Grand Total: 334 creatures vanquished

Notes
Turn   | Place    | Note
-------+----------+-------------------------------------------
     0 | D:1      | Ijustatesigmund the Gargoyle Fighter began the quest for
                  | the Orb.
     0 | D:1      | Reached XP level 1. HP: 14/14 MP: 1/1
   107 | D:1      | Reached XP level 2. HP: 19/19 MP: 2/2
   468 | D:1      | Reached XP level 3. HP: 24/24 MP: 3/3
  1086 | D:2      | Reached XP level 4. HP: 25/29 MP: 4/4
  1493 | D:2      | Identified the +4 whip of the Exiled Geomancers {freeze,
                  | rCorr}
  1919 | D:2      | Found a faded altar of an unknown god.
  2117 | D:3      | Reached XP level 5. HP: 21/34 MP: 5/5
  2907 | D:4      | Reached XP level 6. HP: 34/39 MP: 1/6
  3072 | D:4      | Identified the +0 robe "Azxeum" {rN+}
  3292 | D:4      | Reached skill level 5 in Fighting
  3292 | D:4      | Reached skill level 5 in Armour
  3570 | D:4      | Noticed Sigmund
  3586 | D:4      | Killed Sigmund
  3587 | D:4      | Reached XP level 7. HP: 39/44 MP: 4/7
  3731 | D:4      | Found a transporter.
  3763 | D:4      | Found a transporter.
  3766 | D:4      | Noticed a two-headed ogre
  3917 | D:4      | Found a sacrificial altar of Ru.
  3949 | D:4      | Found a staircase to the Ecumenical Temple.
  3955 | Temple   | Entered the Ecumenical Temple
  4712 | D:5      | Entered Level 5 of the Dungeon
  4738 | D:5      | Got Medea's Secrets of Impulse and Immolation
  4752 | D:5      | Found an ornate altar of the Wu Jian Council.
  4753 | D:5      | Found a hazy altar of Hepliaklqana.
  5011 | D:5      | Reached skill level 5 in Maces & Flails
  5204 | D:5      | Reached XP level 8. HP: 51/51 MP: 3/8
  5344 | D:5      | Found a sparkling altar of Nemelex Xobeh.
  5728 | D:5      | Found a shimmering altar of Xom.
  6532 | D:6      | Found Lorioxut's General Store.
  6703 | D:6      | Found a glowing drain.
  6727 | Sewer    | Entered a sewer
  7703 | D:6      | Reached XP level 9. HP: 55/57 MP: 6/9
  7825 | D:6      | Found a runed translucent door.
  7826 | D:6      | Noticed Crazy Yiuf
  7850 | D:6      | Reached skill level 1 in Evocations
  8633 | D:6      | Killed Crazy Yiuf
  9019 | D:7      | Noticed Prince Ribbit
  9071 | D:6      | Killed Prince Ribbit
  9357 | D:7      | Found Deoxuj's Weapon Shoppe.
  9364 | D:7      | Bought a +2 flail of protection for 259 gold pieces
  9380 | D:7      | Found Mionkon's General Store.
  9533 | D:7      | Reached XP level 10. HP: 55/65 MP: 0/10
 10031 | D:7      | Found a stormy altar of Qazlal.
 10312 | D:8      | Noticed a kobold demonologist
 10523 | D:7      | Killed a kobold demonologist
 10717 | D:8      | Found a shimmering blue altar of Sif Muna.
 10803 | D:8      | Identified the +4 morningstar of Egruobup {elec, Drain rC+
                  | rN++ Stlth+}
 11111 | D:10     | Entered Level 10 of the Dungeon
 11250 | D:10     | Found a broken altar of Ashenzari.
 11258 | D:10     | Became a worshipper of Ashenzari the Shackled
 11336 | D:9      | Found a runed translucent gate.
 11337 | D:9      | Found a runed translucent gate.
 11384 | D:9      | Found a runed translucent gate.
 11386 | D:9      | Noticed BRD's ghost (novice DsFi)
 11946 | D:9      | Reached skill level 10 in Maces & Flails
 12466 | D:10     | Found a staircase to the Orcish Mines.
 12627 | D:10     | Reached XP level 11. HP: 71/71 MP: 8/11
 12789 | D:10     | Noticed Sonja
 12811 | D:10     | Killed Sonja
 12812 | D:10     | Reached skill level 5 in Evocations
 12925 | D:10     | Found a blossoming altar of Fedhas.
 13004 | D:10     | Reached skill level 10 in Fighting
 13343 | D:10     | Found Doteasif's Armour Emporium.
 13395 | D:10     | Bought a +2 cloak of preservation for 279 gold pieces
 13433 | D:10     | Reached * piety under Ashenzari
 13433 | D:10     | Identified a scroll of acquirement
 13434 | D:10     | Acquired a manual of Evocations
 13514 | D:10     | Noticed a two-headed ogre
 13522 | D:10     | Killed a two-headed ogre
 13932 | D:11     | Noticed a sphinx
 13941 | D:11     | Killed a sphinx
 14181 | D:11     | Found a staircase to the Lair.
 14347 | D:11     | Reached skill level 10 in Evocations
 14436 | D:11     | Learned a level 1 spell: Magic Dart
 14436 | D:11     | Reached ** piety under Ashenzari
 14468 | D:11     | Noticed a manticore
 14473 | D:11     | Killed a manticore
 14473 | D:11     | Noticed an ice dragon
 14474 | D:11     | Reached skill level 1 in Conjurations
 14479 | D:11     | Killed an ice dragon
 14610 | D:11     | Identified the +10 long sword "Tykhlaul" {flame, Fragile
                  | rC+ Str+3 Dex+7}
 14677 | D:11     | Noticed a brown ugly thing
 14693 | D:11     | Killed a brown ugly thing
 14735 | D:11     | Reached XP level 12. HP: 22/77 MP: 10/12
 14919 | D:11     | Found Xul Josa's Demolitions Depot.
 14993 | D:11     | Noticed a tengu warrior
 15006 | D:11     | Noticed a fire giant
 15008 | D:11     | Killed from afar by a fire giant

Illustrated notes

Levels and vault maps discovered:
D:1:      lightli_arrival_isolated_outpost, layout_basic, minmay_liquid_box,
          patterned_corridor
D:2:      layout_basic, shapermc_ecumenical_altar_petra,
          minmay_shallow_snake_nest
D:3:      layout_basic, nicolae_wormholes
D:4:      layout_layer_cave, gammafunk_temple_overflow_arena,
          minmay_temple_entry_hall, uniq_sigmund
D:5:      layout_loops_corners, nemelex_dance_club_becter,
          mainiacjoe_overflow_24_doors, mainiacjoe_overflow_divided_tiny,
          st_stairs_11, kennysheep_cross_bottleneck, minmay_small_thing
D:6:      layout_rooms, serial_shops, shop, portal_sewer_entry_b,
          minmay_alternating_orb, uniq_crazy_yiuf_cottage
D:7:      layout_loops_ring, mainiacjoe_overflow_alcove_4, serial_shops,
          nicolae_shop_bloodbath_and_beyond, shop, serial_aquarium,
          aquarium_bridge_square [aquarium_subvault_window,
          aquarium_subvault_balcony, aquarium_subvault_bridge,
          aquarium_subvault_window], aquarium_window_1, aquarium_window_2,
          aquarium_view_2c, uniq_prince_ribbit1
D:8:      layout_rooms, nicolae_sif_muna_condensation, st_stairs_3
D:9:      layout_stronghold, gammafunk_ghost_spectres, kb_lookout_dungeons_type
D:10:     layout_irregular_city, mainiacjoe_overflow_large_starburst,
          zombieorc1_lemuel, serial_shops, shop, serial_column_ruins,
          column_ruins_square_large, column_ruins_columns_corner,
          column_ruins_grid_3, column_ruins_open_tiny, column_ruins_grid_4,
          column_ruins_open_small, column_ruins_grid_1, uniq_sonja
D:11:     minmay_chopped_fan, layout_basic, lair_entry_dummy,
          nicolae_blasting_shop, dreamdust_princess_bridge,
          kennysheep_windowed_goal
Temple:   nicolae_temple_bog_church

Skill      XL: |  1  2  3  4  5  6  7  8  9 10 11 12 |
---------------+-------------------------------------+-----
Fighting       | 4 5 6 7 8 9 10 | 10.0
Armour         | 4 5 6 7 8 9 |  9.3
Maces & Flails | 3 4 5 6 7 10 11 | 11.0
Shields        | 4 |  4.3
Evocations     | 3 4 11 | 11.5
Conjurations   | 3 4 |  4.4

Action                     |  1- 3 |  4- 6 |  7- 9 | 10-12 || total
---------------------------+-------+-------+-------+-------++-------
  Melee: Flail             |   120 |    21 |    15 |    79 ||   235
         Whip              |       |   149 |   421 |       ||   570
         Morningstar       |       |       |       |   340 ||   340
 Invoke: Curse Item        |       |       |       |     3 ||     3
  Evoke: Wand              |       |       |       |     7 ||     7
    Use: Scroll            |     7 |     9 |     4 |     7 ||    27
         Potion            |       |     1 |     4 |     5 ||    10
   Stab: Invisible         |       |       |     1 |       ||     1
 Armour: Scale mail        |    58 |     8 |       |       ||    66
         Chain mail        |       |    73 |   239 |   386 ||   698
  Dodge: Dodged            |    73 |    44 |   102 |   196 ||   415
  Block: Buckler           |    26 |    33 |    85 |   112 ||   256

Table legend: (Time is in decaauts)
 A = Elapsed time spent in this place.
 B = Non-inter-level travel time spent in this place.
 C = Inter-level travel time spent in this place.
 D = Time resting spent in this place.
 E = Time spent auto-exploring this place.
 F = Levels seen in this place.
 G = Mean time per level.
                   A        B        C        D        E       F      G
               +--------+--------+--------+--------+--------+-----+--------+
         Total |  15196 |  14687 |    509 |   2368 |   9791 |  13 | 1168.9 |
       Dungeon |  14006 |  13504 |    502 |   2368 |   8828 |  11 | 1273.3 |
        Temple |    147 |    140 |      7 |      0 |    129 |   1 |  147.0 |
         Sewer |   1042 |   1042 |      0 |      0 |    834 |   1 | 1042.0 |
               +--------+--------+--------+--------+--------+-----+--------+

Top non-repeatable levels by time:
     D:6: 1901 daAuts
     D:5: 1775 daAuts
     D:4: 1676 daAuts
    D:10: 1666 daAuts
     D:9: 1294 daAuts
     D:7: 1170 daAuts
     D:2: 1061 daAuts
   Sewer: 1042 daAuts
    D:11: 998 daAuts
     D:1: 968 daAuts
     D:3: 905 daAuts
     D:8: 586 daAuts
  Temple: 147 daAuts
